 Dungeon Crawl Stone Soup version 0.31.0-11-ge490571c62 (webtiles) character file.

Game seed: 12895086308978434443

128 qw the Skirmisher (level 4, -4/25 HPs)
             Began as a Deep Elf Hunter on Feb 4, 2024.
             Slain by a scorpion (6 damage)
             ... on level 4 of the Dungeon.
             The game lasted 00:00:10 (2636 turns).

qw the Skirmisher (Deep Elf Hunter)                 Turns: 2636, Time: 00:00:11

Health: -4/25      AC:  5    Str: 10    XL:     4   Next: 87%
Magic:  6/6        EV: 11    Int: 14    God:
Gold:   128        SH:  0    Dex: 18    Spells: 3/3 levels left

rFire   . . .        a - +0 shortbow
rCold   . . .        (shield currently unavailable)
rNeg    + . .        k - +0 ring mail
rPois   .            (no helmet)
rElec   .            (no cloak)
rCorr   .            (no gloves)
SInv    .            (no boots)
Will    .....        i - amulet of regeneration
Stlth   +            h - ring of positive energy
HPRegen 1.04/turn    (no ring)
MPRegen 0.10/turn

%: no passive effects
@: lethally poisoned (-4 -> -8), about to teleport
A: no striking features
a: no special abilities


You were on level 4 of the Dungeon.
You visited 1 branch of the dungeon, and saw 4 of its levels.

You collected 154 gold pieces.
You spent 26 gold pieces at shops.


   Skills:
 - Level 1.5 Fighting
 + Level 8.3 Ranged Weapons
 - Level 2.4 Dodging
 - Level 1.2 Stealth


You had 3 spell levels left.
You didn't know any spells.
Your spell library was empty.

Inventory:

Hand Weapons
 a - a +0 shortbow (weapon)
Armour
 k - a +0 ring mail (worn)
Jewellery
 h - a ring of positive energy (left hand)
 i - an amulet of regeneration (around neck)
Scrolls
 b - a scroll of enchant armour {unknown}
 d - a scroll of teleportation
Potions
 e - a potion of might
 f - a potion of brilliance {unknown}
 j - a potion of attraction {unknown}

Dungeon Overview and Level Annotations

Branches:
Dungeon (4/15)
 Temple: D:4-7

Altars:
Gozag
Ru

Shops:
D:1 (?(

Annotations:
D:3 3 runed translucent doors, qw's ghost, amateur DEHu


Message History

You kill the giant cockroach!
You start resting.
HP restored.
You open the door.
There is an open door here.
A scorpion comes into view.
Found 13 gold pieces.
You shoot an arrow.
The arrow hits the scorpion but does no damage.
You shoot an arrow. The arrow closely misses the scorpion.
You shoot an arrow. The arrow barely misses the scorpion.
You shoot an arrow. The arrow closely misses the scorpion.
The scorpion stings you.
You are poisoned.
The scorpion poisons you! The scorpion stings you.
You are more poisoned.
The scorpion poisons you!
You shoot an arrow. The arrow hits the scorpion.
The scorpion is lightly wounded.
You feel very sick.
The scorpion stings you but does no damage.
You shoot an arrow. The arrow hits the scorpion.
The scorpion is heavily wounded.
You feel very sick. The scorpion stings you.
You shoot an arrow. The arrow hits the scorpion!
The scorpion is almost dead.
You feel very sick. The scorpion stings you.
You are lethally poisoned!
The scorpion poisons you! The scorpion barely misses you.
You shoot an arrow. The arrow barely misses the scorpion.
You feel very sick. The scorpion closely misses you.
2636 ||| READING 2 scrolls of teleportation.
As you read the scroll of teleportation, it crumbles to dust.
You feel strangely unstable.
You feel very sick. The scorpion stings you.
You die...

.#.#...........#
.#.#...........####+##
.#.#####.............#
##.# #.......##...$#
...# #####'#### ....#
#### #........# ....#
..# #........# ...#
..######.......##s..###
.......#.......'@.....#
.......######+###.....#
............... .....#
............... .....#
............... .....#
###'###........ .......
......#........ .......
......#........ .......
......#........


You could see a scorpion.

Vanquished Creatures
  5 adders
  2 dart slugs
  A ribbon worm (D:3)
  12 endoplasms
  2 giant cockroaches
  12 goblins
  11 hobgoblins
  3 jackals (D:1)
  3 kobolds
  2 quokkas (D:1)
  6 ball pythons
  5 bats
  4 frilled lizards
  3 rats
71 creatures vanquished.

Notes
Turn   | Place    | Note
-------+----------+-------------------------------------------
     0 | D:1      | qw the Deep Elf Hunter began the quest for the Orb.
     0 | D:1      | Reached XP level 1. HP: 12/12 MP: 3/3
     0 | D:1      | 0 ||| qw: Version: 0.3-a-160-g6735b56
     0 | D:1      | 0 ||| qw: Game counter: 4819
     0 | D:1      | 0 ||| qw: Melee chars always use a shield: true
     0 | D:1      | 0 ||| qw: God list: Okawaru
     0 | D:1      | 0 ||| qw: Allow faded altars: false
     0 | D:1      | 0 ||| qw: Do Orc after clearing Dungeon:15 true
     0 | D:1      | 0 ||| qw: Do second Lair branch before Depths: true
     0 | D:1      | 0 ||| qw: Lair rune preference: random
     0 | D:1      | 0 ||| qw: Goals: Normal
     0 | D:1      | 0 ||| PLANNING D:1-11
    75 | D:1      | Noticed a shining eye
    80 | D:1      | Found a faded altar of an unknown god.
    82 | D:1      | Noticed a great orb of eyes
    82 | D:1      | Noticed a glass eye
    82 | D:1      | Noticed a glass eye
   118 | D:1      | Reached skill level 6 in Ranged Weapons
   118 | D:1      | Reached XP level 2. HP: 16/16 MP: 4/4
   344 | D:1      | Found Cushre's Magic Scroll Boutique.
   352 | D:1      | 352 ||| SHOPLISTING scroll of enchant armour (97 gold, have
                  | 32).
   352 | D:1      | 352 ||| SHOPLISTING scroll of enchant weapon (97 gold, have
                  | 32).
   352 | D:1      | 352 ||| BUYING scroll of identify (26 gold).
   352 | D:1      | Bought a scroll of identify for 26 gold pieces
   352 | D:1      | 352 ||| SHOPLISTING scroll of identify (26 gold, have 6).
   457 | D:1      | Reached XP level 3. HP: 20/20 MP: 5/5
   459 | D:1      | Found Qurrydo's Weapon Boutique.
   723 | D:1      | Found Kops's Antique Weapon Emporium.
   726 | D:1      | 726 ||| SHOPLISTING glowing sling (103 gold, have 6).
   801 | D:1      | 801 ||| UPGRADING to ring of positive energy.
   802 | D:1      | 802 ||| READING scroll of identify.
   802 | D:1      | 802 ||| IDENTIFYING cyan potion
   803 | D:1      | 803 ||| READING 2 scrolls labelled KOOJAU MEOKA.
   808 | D:1      | 808 ||| DROPPING scroll of butterflies.
   809 | D:1      | 809 ||| DROPPING potion of invisibility.
  1000 | D:2      | Reached skill level 7 in Ranged Weapons
  1269 | D:2      | 1269 ||| FLEEEEING.
  1270 | D:2      | 1270 ||| FLEEEEING.
  1271 | D:2      | 1271 ||| FLEEEEING.
  1272 | D:2      | 1272 ||| FLEEEEING.
  1273 | D:2      | 1273 ||| FLEEEEING.
  1274 | D:2      | 1274 ||| FLEEEEING.
  1536 | D:2      | 1536 ||| DROPPING ring of magical power.
  1537 | D:2      | 1537 ||| READING scroll of identify.
  1537 | D:2      | 1537 ||| IDENTIFYING brown potion
  1538 | D:2      | 1538 ||| DROPPING potion of magic.
  1671 | D:3      | Found an opulent altar of Gozag.
  1676 | D:3      | Reached XP level 4. HP: 25/25 MP: 6/6
  1795 | D:3      | Found a runed translucent gate.
  1796 | D:3      | Found a runed translucent gate.
  1797 | D:3      | Found a runed translucent gate.
  1798 | D:3      | Noticed qw's ghost (amateur DEHu)
  1802 | D:3      | Identified the +0 scale mail of True Grit {Int+3}
  2273 | D:3      | Reached skill level 8 in Ranged Weapons
  2404 | D:3      | 2404 ||| UPGRADING to +0 ring mail.
  2414 | D:3      | 2414 ||| DROPPING +0 leather armour.
  2415 | D:3      | 2415 ||| UPGRADING to amulet of regeneration.
  2420 | D:3      | 2420 ||| READING scroll of identify.
  2420 | D:3      | 2420 ||| IDENTIFYING sapphire potion
  2421 | D:3      | 2421 ||| READING scroll labelled CACADI POFOFY.
  2422 | D:3      | 2422 ||| READING scroll labelled BEOKONLAAME.
  2588 | D:4      | Found a sacrificial altar of Ru.
  2627 | D:4      | Noticed a scorpion
  2635 | D:4      | HP: 4/25 [poisoned by a scorpion]
  2636 | D:4      | 2636 ||| READING 2 scrolls of teleportation.
  2636 | D:4      | Slain by a scorpion

Levels and vault maps discovered:
D:1:      eino_arrival_druids_welcome, layout_loops_corners, serial_shops, shop,
          shop, nicolae_shop_real_fake_doors,
          hellmonk_ecumenical_altar_watching_god, solitary_fountain,
          minmay_misc_feat_plants, minivault_5
D:2:      minmay_spotlight, layout_basic
D:3:      cheibrodos_greedy_goblins, layout_loops_ring,
          mainiacjoe_overflow_small_starburst, biasface_ghost_orc_armoury,
          minmay_misc_feat_rows
D:4:      layout_gridville, nicolae_ru_sacrificial_ziggurat

Skill      XL: |  1  2  3  4 |
---------------+-------------+-----
Ranged Weapons | 6 7 8 |  8.3
Fighting       | |  1.5
Dodging        | |  2.4
Stealth        | |  1.2

Action                     |  1- 3 |  4- 6 || total
---------------------------+-------+-------++-------
   Fire: Shortbow          |   109 |    78 ||   187
    Use: Scroll            |     3 |     4 ||     7
 Armour: Leather armour    |     9 |     8 ||    17
         Ring mail         |       |     9 ||     9
  Dodge: Dodged            |    20 |    17 ||    37

Table legend:
 A = Non-vault XP
 B = Vault XP
 C = Vault XP percentage of total XP
 D = Non-vault monster count
 E = Vault monster count
 F = Vault count percentage of total count
                 A         B        C        D         E       F
            +---------+---------+-------+---------+---------+-------
      Total |     162 |      22 |  12.0 |      59 |      12 |  16.9
            +---------+---------+-------+---------+---------+-------
        D:1 |      47 |       0 |   0.0 |      27 |       0 |   0.0
        D:2 |      25 |       6 |  19.4 |       8 |       3 |  27.3
        D:3 |      69 |      16 |  18.8 |      19 |       9 |  32.1
        D:4 |      21 |       0 |   0.0 |       5 |       0 |   0.0
            +---------+---------+-------+---------+---------+-------
